Monarchs vs Mulligans
(R1)
Created - November 5, 2018 at 19:22
Goals
|
| Monarchs |
0 |
2 |
2 |
4 |
| Mulligans |
5 |
2 |
2 |
9 |
|
Shots
|
| Monarchs |
14 |
13 |
9 |
36 |
| Mulligans |
9 |
12 |
14 |
35 |
|
1st period
1. Mulligans , Jonathan Tremblay 3 (Sven Baertschi 4, Cade Fairchild 1) at 3:29
2. Mulligans , Eric Tangradi 11 (Nick Bonino 13) at 11:00 (PP)
3. Mulligans , Sven Baertschi 3 (Jonathan Tremblay 3) at 16:14
4. Mulligans , Sven Baertschi 4 (Jonathan Tremblay 4) at 18:34
5. Mulligans , Nick Bonino 6 (Cody Goloubef 5) at 19:51
Penalties :
Andre Burakovsky (MAN) for High sticking (Minor) at 3:59, Josh Morrissey (MAN) for Hooking (Minor) at 10:59
2nd period
6. Monarchs , Shayne Gostisbehere 1 (Bo Horvat 4) at 12:30
7. Mulligans , Matt Donovan 5 (Nick Bonino 14, Eric Tangradi 8) at 13:49
8. Mulligans , Joonas Donskoi 4 (Maxime Macenauer 7, Drayson Bowman 4) at 14:48
9. Monarchs , Teuvo Teravainen 2 (Marko Dano 6) at 16:22 (SH)
Penalties :
Andre Burakovsky (MAN) for High sticking (Minor) at 15:10, Nick Bonino (Rep) for Hooking (Minor) at 18:26
3rd period
10. Monarchs , Viktor Arvidsson 6 (Marko Dano 7, Teuvo Teravainen 3) at 0:14 (PP)
11. Mulligans , Nick Bonino 7 (Cody Goloubef 6, Eric Tangradi 9) at 2:17 (PP)
12. Mulligans , Christoph Bertschy 4 (Cade Fairchild 2, Darren Dietz 2) at 7:40
13. Monarchs , Viktor Arvidsson 7 (James Sheppard 3) at 11:09
Penalties :
Andre Burakovsky (MAN) for Roughing (Minor) at 2:10, Jake McCabe (MAN) for Hooking (Minor) at 3:07, Marko Dano (MAN) for Holding (Minor) at 15:06
Goalie Stats
Matt Murray (MAN), 15 saves from 20 shots - (0.750), 36:17 minutes
Tyler Beskorowany (MAN), 11 saves from 15 shots - (0.733), L, 0-1-0, 23:43 minutes
Calvin Pickard (Rep), 32 saves from 36 shots - (0.889), W, 4-2-1, 60:00 minutes
Players Stats for Monarchs
Player Name G A P +/- PIM S H SB GA TA FO MP PP MP PK MP
------------------------------------------------------------------------------------
Adam Tambellini 0 0 0 -1 0 1 0 1 0 0 3/5 7:52 0:00 0:23
Andre Burakovsky 0 0 0 0 6 2 1 1 0 0 0/2 16:42 0:42 0:00
Anthony Peluso 0 0 0 -1 0 0 0 0 0 0 0/0 7:29 0:00 0:00
Anton Cederholm 0 0 0 -2 0 2 0 4 0 1 0/0 17:29 0:00 3:04
Bo Horvat 0 1 1 0 0 0 0 0 0 0 6/19 16:36 0:42 0:00
Chris Tierney 0 0 0 -2 0 0 0 2 0 0 6/11 15:42 0:46 4:36
Connor Brown 0 0 0 0 0 2 1 1 1 1 0/0 16:36 0:42 0:00
Darnell Nurse 0 0 0 -1 0 1 3 1 0 0 0/0 20:30 0:00 5:00
Dennis Everberg 0 0 0 -2 0 3 2 0 1 0 0/0 12:31 0:00 2:02
Jake McCabe 0 0 0 0 2 1 2 1 1 1 0/0 26:08 1:02 3:41
James Sheppard 0 1 1 -2 0 1 1 1 1 1 0/2 17:58 0:00 2:02
Josh Morrissey 0 0 0 -2 2 1 0 2 0 2 0/0 20:04 0:00 1:02
Kenndal McArdle 0 0 0 -1 0 2 0 1 0 0 4/8 12:05 0:00 4:36
Marko Dano 0 2 2 -1 2 5 0 0 0 1 5/15 18:24 1:06 1:03
Morgan Rielly 0 0 0 -1 0 0 1 3 0 1 0/0 16:59 0:46 0:17
Shayne Gostisbehere 1 0 1 -2 0 4 0 4 0 0 0/0 18:31 1:02 3:04
Teuvo Teravainen 1 1 2 -1 0 7 3 0 0 1 0/0 13:21 1:06 1:26
Viktor Arvidsson 2 0 2 -2 0 4 1 0 1 1 3/4 16:53 1:06 0:00
Players Stats for Mulligans
Player Name G A P +/- PIM S H SB GA TA FO MP PP MP PK MP
------------------------------------------------------------------------------------
Anton Lander 0 0 0 -1 0 2 0 0 0 0 4/6 16:17 3:26 0:43
Ben Hutton 0 0 0 0 0 0 0 2 0 1 0/0 19:57 3:20 0:44
Cade Fairchild 0 2 2 2 0 0 1 1 0 0 0/0 11:42 0:00 0:00
Christoph Bertschy 1 0 1 4 0 3 0 0 1 0 2/6 10:00 0:00 0:26
Cody Goloubef 0 2 2 0 0 0 3 2 1 3 0/0 24:02 4:44 1:04
Dalton Thrower 0 0 0 2 0 0 0 0 0 0 0/0 4:19 0:00 0:00
Darren Dietz 0 1 1 2 0 0 0 2 0 0 0/0 11:42 0:00 0:00
Drayson Bowman 0 1 1 1 0 2 0 1 0 0 0/0 13:03 0:01 0:00
Eric Tangradi 1 2 3 0 0 6 1 0 2 0 1/1 21:06 4:37 1:05
Jonathan Tremblay 1 2 3 4 0 3 0 0 1 0 0/0 9:34 0:00 0:00
Joonas Donskoi 1 0 1 1 0 3 1 0 1 0 1/1 13:03 0:01 0:00
Logan Shaw 0 0 0 -1 0 0 3 0 0 0 1/1 15:34 3:26 0:00
Matt Beleskey 0 0 0 -1 0 0 1 0 2 0 0/0 15:34 3:26 0:00
Matt Donovan 1 0 1 2 0 3 1 1 2 0 0/0 28:21 4:44 1:04
Maxime Macenauer 0 1 1 1 0 0 0 0 0 0 1/5 12:37 0:00 0:00
Michael Sdao 0 0 0 0 0 2 2 2 0 0 0/0 19:57 3:20 0:44
Nick Bonino 2 2 4 0 2 5 1 0 0 0 24/41 20:00 4:37 0:00
Reid Boucher 0 0 0 0 0 0 0 0 0 0 0/0 0:45 0:01 0:19
Sven Baertschi 2 1 3 4 0 6 3 0 0 1 3/3 10:37 0:00 1:03
Valeri Nichushkin 0 0 0 0 0 0 0 0 0 0 2/2 20:01 4:37 0:00
3 Stars
1 - Sven Baertschi (Rep)
2 - Jonathan Tremblay (Rep)
3 - Nick Bonino (Rep)
Power Play
Monarchs - 1 on 1 Attempt(s) - 100.00%
Mulligans - 2 on 6 Attempt(s) - 33.33%
Penalty Kill
Monarchs - 4 on 6 Attempt(s) - 66.67%
- Score 1 goal in Penalty Kill
Mulligans - 0 on 1 Attempt(s) - 0.00%
- Score 0 goal in Penalty Kill
Team Stat
Monarchs - Hits : 15 - Faceoff Wins : 27 - Blocked Shots : 22 - Penalty Minutes : 12
Mulligans - Hits : 17 - Faceoff Wins : 39 - Blocked Shots : 11 - Penalty Minutes : 2
Official
Referees : Unknown
Linesman : Unknown
Game Notes
Tyler Beskorowany enters game at 18:34 of 1st period
Matt Murray enters game at 2:17 of 3rd period
Finance
Level 1 -- Attendance: 1376 (68.80%) -- Ticket Income $34,400
Level 2 -- Attendance: 716 (71.60%) -- Ticket Income $8,592
Total Attendance: 2092 (69.73%)
Total Ticket Income: $42,992
Other Income: $2,150
Total Income: $45,142
Monarchs
5 vs 5 Forward
Center Left Wing Right Wing Time % Phy DF OF
1 Marko Dano James Sheppard Viktor Arvidsson 35 1 1 3
2 Bo Horvat Andre Burakovsky Connor Brown 35 1 2 2
3 Chris Tierney Teuvo Teravainen Dennis Everberg 25 1 1 3
4 Adam Tambellini Kenndal McArdle Anthony Peluso 5 1 2 2
5 vs 5 Defense
Defense Defense Time % Phy DF OF
1 Jake McCabe Morgan Rielly 35 1 3 1
2 Darnell Nurse Josh Morrissey 30 1 3 1
3 Shayne Gostisbehere Anton Cederholm 25 1 3 1
4 Jake McCabe Josh Morrissey 10 1 3 1
PowerPlay Forward
Center Left Wing Right Wing Time % Phy DF OF
1 Marko Dano Teuvo Teravainen Viktor Arvidsson 60 0 1 4
2 Bo Horvat Andre Burakovsky Connor Brown 40 0 1 4
PowerPlay Defense
Defense Defense Time % Phy DF OF
1 Shayne Gostisbehere Jake McCabe 60 0 2 3
2 Chris Tierney Morgan Rielly 40 0 2 3
Penalty Kill 4 Players Forward
Center Wing Time % Phy DF OF
1 Kenndal McArdle Chris Tierney 60 0 4 1
2 James Sheppard Dennis Everberg 40 0 4 1
Penalty Kill 4 Players Defense
Defense Defense Time % Phy DF OF
1 Jake McCabe Darnell Nurse 60 0 5 0
2 Anton Cederholm Shayne Gostisbehere 40 0 5 0
Penalty Kill - 3 Players Forward
Forward Time % Phy DF OF
1 Chris Tierney 60 1 4 0
2 James Sheppard 40 1 4 0
Penalty Kill - 3 Players Defense
Defense Defense Time % Phy DF OF
1 Shayne Gostisbehere Darnell Nurse 60 0 5 0
2 Jake McCabe Anton Cederholm 40 0 5 0
4 vs 4 Forward
Center Wing Time % Phy DF OF
1 Marko Dano Teuvo Teravainen 60 1 2 2
2 Connor Brown James Sheppard 40 1 2 2
4 vs 4 Defense
Defense Defense Time % Phy DF OF
1 Shayne Gostisbehere Darnell Nurse 60 1 2 2
2 Jake McCabe Morgan Rielly 40 1 2 2
Last Minutes Offensive
Center Left Wing Right Wing Defense Defense
Marko Dano Teuvo Teravainen Connor Brown Jake McCabe Shayne Gostisbehere
Last Minutes Defensive
Center Left Wing Right Wing Defense Defense
Chris Tierney James Sheppard Dennis Everberg Jake McCabe Darnell Nurse
Goaltenders
Starting : Matt Murray
Backup : Tyler Beskorowany
Extra Forwards
Normal : Marko Dano, Chris Tierney, Bo Horvat - PP : Adam Tambellini, James Sheppard - PK : Marko Dano
Extra Defensemen
Normal : Jake McCabe, Shayne Gostisbehere, Darnell Nurse - PP : Morgan Rielly - PK : Josh Morrissey, Morgan Rielly
Penalty Shots
Andre Burakovsky, Marko Dano, Viktor Arvidsson, Teuvo Teravainen, James Sheppard
Scratches
Brian Boyle (Healthy), Chris Thorburn (Healthy), Christophe Lalancette (Healthy), Mike Hoffman (Healthy), Keith Yandle (Healthy)
Mitchell Moroz (Healthy), Jonas Junland (Healthy), Erik Condra (Healthy), Ryan White (Healthy), Jake Muzzin (Healthy)
Anders Lindback (Healthy)
Mulligans
5 vs 5 Forward
Center Left Wing Right Wing Time % Phy DF OF
1 Nick Bonino Eric Tangradi Valeri Nichushkin 40 0 2 3
2 Anton Lander Matt Beleskey Logan Shaw 30 0 2 3
3 Maxime Macenauer Drayson Bowman Joonas Donskoi 20 1 2 2
4 Christoph Bertschy Sven Baertschi Jonathan Tremblay 10 1 2 2
5 vs 5 Defense
Defense Defense Time % Phy DF OF
1 Matt Donovan Cody Goloubef 40 1 2 2
2 Michael Sdao Ben Hutton 30 1 2 2
3 Cade Fairchild Darren Dietz 20 1 2 2
4 Dalton Thrower Matt Donovan 10 1 2 2
PowerPlay Forward
Center Left Wing Right Wing Time % Phy DF OF
1 Nick Bonino Eric Tangradi Valeri Nichushkin 60 0 1 4
2 Anton Lander Matt Beleskey Logan Shaw 40 0 1 4
PowerPlay Defense
Defense Defense Time % Phy DF OF
1 Matt Donovan Cody Goloubef 60 0 2 3
2 Michael Sdao Ben Hutton 40 0 2 3
Penalty Kill 4 Players Forward
Center Wing Time % Phy DF OF
1 Nick Bonino Eric Tangradi 60 1 2 2
2 Anton Lander Maxime Macenauer 40 1 2 2
Penalty Kill 4 Players Defense
Defense Defense Time % Phy DF OF
1 Matt Donovan Cody Goloubef 60 1 3 1
2 Michael Sdao Ben Hutton 40 1 3 1
Penalty Kill - 3 Players Forward
Forward Time % Phy DF OF
1 Nick Bonino 60 1 2 2
2 Eric Tangradi 40 1 2 2
Penalty Kill - 3 Players Defense
Defense Defense Time % Phy DF OF
1 Matt Donovan Cody Goloubef 60 1 3 1
2 Michael Sdao Ben Hutton 40 1 3 1
4 vs 4 Forward
Center Wing Time % Phy DF OF
1 Nick Bonino Eric Tangradi 60 1 2 2
2 Anton Lander Maxime Macenauer 40 1 2 2
4 vs 4 Defense
Defense Defense Time % Phy DF OF
1 Matt Donovan Cody Goloubef 60 1 2 2
2 Michael Sdao Ben Hutton 40 1 2 2
Last Minutes Offensive
Center Left Wing Right Wing Defense Defense
Nick Bonino Eric Tangradi Jonathan Tremblay Matt Donovan Cody Goloubef
Last Minutes Defensive
Center Left Wing Right Wing Defense Defense
Nick Bonino Eric Tangradi Jonathan Tremblay Matt Donovan Cody Goloubef
Goaltenders
Starting : Calvin Pickard
Backup : Juuse Saros
Extra Forwards
Normal : Reid Boucher, Drayson Bowman, Sven Baertschi - PP : Reid Boucher, Drayson Bowman - PK : Sven Baertschi
Extra Defensemen
Normal : Cade Fairchild, Darren Dietz, Dalton Thrower - PP : Cade Fairchild - PK : Darren Dietz, Dalton Thrower
Penalty Shots
Nick Bonino, Eric Tangradi, Anton Lander, Maxime Macenauer, Jonathan Tremblay
Scratches
Nick Moutrey (Healthy), John Hayden (Healthy), Jonny Brodzinski (Healthy), Marek Langhamer (Healthy)
% Time on Ice - Monarchs
Lines # - Real PCT - Wanted PCT - Time Play
Normal Forward
1 - 32% - 35% - 16:16
2 - 32% - 35% - 16:03
3 - 21% - 25% - 10:20
4 - 15% - 5% - 7:29
Normal Defense
1 - 34% - 35% - 17:09
2 - 29% - 30% - 14:42
3 - 28% - 25% - 14:00
4 - 9% - 10% - 4:17
PP Forward
1 - 61% - 60% - 1:06
2 - 39% - 40% - 0:42
PP Defense
1 - 57% - 60% - 1:02
2 - 43% - 40% - 0:46
PK Forward
1 - 75% - 60% - 6:02
2 - 25% - 40% - 2:02
PK Defense
1 - 62% - 60% - 5:00
2 - 38% - 40% - 3:04
PK3 Forward
1 - 0% - 60%
2 - 0% - 40%
PK3 Defense
1 - 0% - 60%
2 - 0% - 40%
44 Forward
1 - 0% - 60%
2 - 0% - 40%
44 Defense
1 - 0% - 60%
2 - 0% - 40%
Last Minute Offensive - 0:00
Last Minute Defensive - 0:00
Total
Forward - 60:00
Defense - 60:00
|
% Time on Ice - Mulligans
Lines # - Real PCT - Wanted PCT - Time Play
Normal Forward
1 - 32% - 40% - 15:49
2 - 24% - 30% - 12:08
3 - 25% - 20% - 12:37
4 - 19% - 10% - 9:34
Normal Defense
1 - 36% - 40% - 18:14
2 - 32% - 30% - 15:53
3 - 23% - 20% - 11:42
4 - 9% - 10% - 4:19
PP Forward
1 - 57% - 60% - 4:38
2 - 43% - 40% - 3:26
PP Defense
1 - 59% - 60% - 4:44
2 - 41% - 40% - 3:20
PK Forward
1 - 100% - 60% - 1:48
2 - 0% - 40% - 0:00
PK Defense
1 - 59% - 60% - 1:04
2 - 41% - 40% - 0:44
PK3 Forward
1 - 0% - 60%
2 - 0% - 40%
PK3 Defense
1 - 0% - 60%
2 - 0% - 40%
44 Forward
1 - 0% - 60%
2 - 0% - 40%
44 Defense
1 - 0% - 60%
2 - 0% - 40%
Last Minute Offensive - 0:00
Last Minute Defensive - 0:00
Total
Forward - 60:00
Defense - 60:00
|
Play by Play
1st period
0:01 of 1st period - Marko Dano wins face-off versus Nick Bonino in neutral zone.
0:54 of 1st period - Chris Tierney is hit by Matt Donovan and loses puck.
0:59 of 1st period - Slapshot by Matt Donovan.
0:59 of 1st period - Shot Blocked by Chris Tierney.
1:01 of 1st period - Slapshot by Matt Donovan.
1:01 of 1st period - Shot Blocked by Josh Morrissey.
1:03 of 1st period - Slapshot by Joonas Donskoi.
1:03 of 1st period - Stopped by Matt Murray without a rebound.
1:04 of 1st period - Adam Tambellini wins face-off versus Christoph Bertschy in Monarchs zone.
1:13 of 1st period - Snap shot by Kenndal McArdle.
1:13 of 1st period - Shot Misses the Net.
1:15 of 1st period - Slapshot by Shayne Gostisbehere.
1:15 of 1st period - Stopped by Calvin Pickard without a rebound.
1:16 of 1st period - Marko Dano wins face-off versus Nick Bonino in Mulligans zone.
1:29 of 1st period - Snap shot by Viktor Arvidsson.
1:29 of 1st period - Stopped by Calvin Pickard with a rebound.
1:45 of 1st period - Snap shot by Maxime Macenauer.
1:45 of 1st period - Shot Misses the Net.
2:24 of 1st period - Snap shot by Teuvo Teravainen.
2:24 of 1st period - Stopped by Calvin Pickard with a rebound.
2:26 of 1st period - Slapshot by Teuvo Teravainen.
2:26 of 1st period - Deflect By Dennis Everberg.
2:26 of 1st period - Shot Misses the Net.
2:26 of 1st period - Puck is out of play.
2:27 of 1st period - Christoph Bertschy wins face-off versus Chris Tierney in Mulligans zone.
2:51 of 1st period - Matt Donovan is hit by Teuvo Teravainen and loses puck.
2:56 of 1st period - Wrist shot by Teuvo Teravainen.
2:56 of 1st period - Stopped by Calvin Pickard with a rebound.
3:04 of 1st period - Matt Donovan is hit by Morgan Rielly and loses puck.
3:15 of 1st period - Backhand shot by Sven Baertschi.
3:15 of 1st period - Shot Hit the Post.
3:27 of 1st period - Slapshot by Sven Baertschi.
3:27 of 1st period - Shot Misses the Net.
3:29 of 1st period - Wrist shot by Jonathan Tremblay.
3:29 of 1st period - Goal by Jonathan Tremblay - Monarchs : 0 - Mulligans : 1.
3:30 of 1st period - Valeri Nichushkin wins face-off versus Andre Burakovsky in neutral zone.
3:40 of 1st period - Snap shot by Andre Burakovsky.
3:40 of 1st period - Stopped by Calvin Pickard with a rebound.
3:42 of 1st period - Slapshot by Josh Morrissey.
3:42 of 1st period - Stopped by Calvin Pickard without a rebound.
3:43 of 1st period - Nick Bonino wins face-off versus Bo Horvat in Mulligans zone.
3:59 of 1st period - Minor Penalty to Andre Burakovsky for High sticking.
4:00 of 1st period - Kenndal McArdle wins face-off versus Nick Bonino in Monarchs zone.
4:16 of 1st period - Snap shot by Eric Tangradi.
4:16 of 1st period - Shot Blocked by Jake McCabe.
5:59 of 1st period - Penalty to Andre Burakovsky is over, Andre Burakovsky is back on ice.
6:15 of 1st period - Cody Goloubef is hit by James Sheppard.
7:00 of 1st period - Off-side.
7:01 of 1st period - Adam Tambellini wins face-off versus Maxime Macenauer in neutral zone.
7:27 of 1st period - Anton Cederholm is hit by Logan Shaw and loses puck.
8:27 of 1st period - Off-side.
8:28 of 1st period - Adam Tambellini wins face-off versus Maxime Macenauer in neutral zone.
8:31 of 1st period - Wrist shot by Kenndal McArdle.
8:31 of 1st period - Shot Misses the Net.
8:59 of 1st period - Off-side.
9:00 of 1st period - Eric Tangradi wins face-off versus Bo Horvat in neutral zone.
9:53 of 1st period - Snap shot by Teuvo Teravainen.
9:53 of 1st period - Shot Misses the Net.
10:07 of 1st period - Wrist shot by Connor Brown.
10:07 of 1st period - Stopped by Calvin Pickard with a rebound.
10:23 of 1st period - Jake McCabe is hit by Sven Baertschi and loses puck.
10:48 of 1st period - Snap shot by Viktor Arvidsson.
10:48 of 1st period - Stopped by Calvin Pickard without a rebound.
10:49 of 1st period - Nick Bonino wins face-off versus Bo Horvat in Mulligans zone.
10:59 of 1st period - Minor Penalty to Josh Morrissey for Hooking.
11:00 of 1st period - Nick Bonino wins face-off versus Kenndal McArdle in Monarchs zone.
11:00 of 1st period - Slapshot by Eric Tangradi.
11:00 of 1st period - Goal by Eric Tangradi - Monarchs : 0 - Mulligans : 2.
11:01 of 1st period - Nick Bonino wins face-off versus Marko Dano in neutral zone.
11:26 of 1st period - Andre Burakovsky is hit by Matt Beleskey and loses puck.
11:45 of 1st period - Wrist shot by Sven Baertschi.
11:45 of 1st period - Shot Blocked by Josh Morrissey.
11:51 of 1st period - Andre Burakovsky is hit by Michael Sdao and loses puck.
12:30 of 1st period - Slapshot by Connor Brown.
12:30 of 1st period - Shot Misses the Net.
12:32 of 1st period - Wrist shot by Connor Brown.
12:32 of 1st period - Stopped by Calvin Pickard without a rebound.
12:33 of 1st period - Nick Bonino wins face-off versus James Sheppard in Mulligans zone.
12:35 of 1st period - Icing by Eric Tangradi.
12:36 of 1st period - Marko Dano wins face-off versus Nick Bonino in Mulligans zone.
12:43 of 1st period - Slapshot by Marko Dano.
12:43 of 1st period - Stopped by Calvin Pickard with a rebound.
13:07 of 1st period - Wrist shot by Drayson Bowman.
13:07 of 1st period - Shot Misses the Net.
13:09 of 1st period - Snap shot by Joonas Donskoi.
13:09 of 1st period - Stopped by Matt Murray with a rebound.
13:23 of 1st period - Cade Fairchild is hit by Dennis Everberg and loses puck.
13:43 of 1st period - Snap shot by Adam Tambellini.
13:43 of 1st period - Shot Blocked by Darren Dietz.
13:51 of 1st period - Wrist shot by Eric Tangradi.
13:51 of 1st period - Shot Blocked by Kenndal McArdle.
14:03 of 1st period - Snap shot by Sven Baertschi.
14:03 of 1st period - Stopped by Matt Murray without a rebound.
14:04 of 1st period - Chris Tierney wins face-off versus Christoph Bertschy in Monarchs zone.
14:13 of 1st period - Wrist shot by Teuvo Teravainen.
14:13 of 1st period - Stopped by Calvin Pickard without a rebound.
14:14 of 1st period - Anton Lander wins face-off versus Marko Dano in Mulligans zone.
14:27 of 1st period - Wrist shot by Anton Lander.
14:27 of 1st period - Shot Blocked by James Sheppard.
14:52 of 1st period - Wrist shot by Nick Bonino.
14:52 of 1st period - Deflect By Bo Horvat.
14:52 of 1st period - Shot Misses the Net.
14:52 of 1st period - Puck is out of play.
14:53 of 1st period - Viktor Arvidsson wins face-off versus Maxime Macenauer in Monarchs zone.
15:04 of 1st period - Snap shot by James Sheppard.
15:04 of 1st period - Stopped by Calvin Pickard without a rebound.
15:05 of 1st period - Nick Bonino wins face-off versus Marko Dano in Mulligans zone.
15:05 of 1st period - Nick Bonino is hit by Darnell Nurse.
15:31 of 1st period - Cody Goloubef is hit by Darnell Nurse and loses puck.
16:14 of 1st period - Snap shot by Sven Baertschi.
16:14 of 1st period - Goal by Sven Baertschi - Monarchs : 0 - Mulligans : 3.
16:15 of 1st period - Nick Bonino wins face-off versus Bo Horvat in neutral zone.
16:20 of 1st period - Snap shot by Nick Bonino.
16:20 of 1st period - Shot Misses the Net.
16:22 of 1st period - Wrist shot by Nick Bonino.
16:22 of 1st period - Deflect By Eric Tangradi.
16:22 of 1st period - Shot Blocked by Morgan Rielly.
16:22 of 1st period - Puck is out of play.
16:23 of 1st period - Nick Bonino wins face-off versus Bo Horvat in Monarchs zone.
16:24 of 1st period - Snap shot by Eric Tangradi.
16:24 of 1st period - Shot Blocked by Morgan Rielly.
16:26 of 1st period - Wrist shot by Eric Tangradi.
16:26 of 1st period - Stopped by Matt Murray with a rebound.
16:30 of 1st period - Wrist shot by Eric Tangradi.
16:30 of 1st period - Shot Misses the Net.
17:14 of 1st period - Snap shot by Dennis Everberg.
17:14 of 1st period - Shot Misses the Net.
17:49 of 1st period - Off-side.
17:50 of 1st period - Bo Horvat wins face-off versus Christoph Bertschy in neutral zone.
18:16 of 1st period - James Sheppard is hit by Sven Baertschi and loses puck.
18:27 of 1st period - James Sheppard is hit by Sven Baertschi and loses puck.
18:34 of 1st period - Snap shot by Sven Baertschi.
18:34 of 1st period - Deflect By Shayne Gostisbehere.
18:34 of 1st period - Goal by Sven Baertschi - Monarchs : 0 - Mulligans : 4.
18:34 of 1st period - Tyler Beskorowany enters game.
18:35 of 1st period - Nick Bonino wins face-off versus Marko Dano in neutral zone.
19:23 of 1st period - Wrist shot by Teuvo Teravainen.
19:23 of 1st period - Stopped by Calvin Pickard without a rebound.
19:24 of 1st period - Chris Tierney wins face-off versus Maxime Macenauer in Mulligans zone.
19:33 of 1st period - Wrist shot by Dennis Everberg.
19:33 of 1st period - Shot Misses the Net.
19:35 of 1st period - Slapshot by Shayne Gostisbehere.
19:35 of 1st period - Stopped by Calvin Pickard without a rebound.
19:36 of 1st period - Viktor Arvidsson wins face-off versus Nick Bonino in Mulligans zone.
19:45 of 1st period - Wrist shot by Nick Bonino.
19:45 of 1st period - Shot Misses the Net.
19:49 of 1st period - Slapshot by Nick Bonino.
19:49 of 1st period - Shot Blocked by Shayne Gostisbehere.
19:51 of 1st period - Slapshot by Nick Bonino.
19:51 of 1st period - Goal by Nick Bonino - Monarchs : 0 - Mulligans : 5.
19:52 of 1st period - Bo Horvat wins face-off versus Nick Bonino in neutral zone.
Goals for this period are 0 for Monarchs vs 5 for Mulligans.
Shots for this period are 14 for Monarchs vs 9 for Mulligans.
2nd period
0:01 of 2nd period - Anton Lander wins face-off versus Bo Horvat in neutral zone.
0:04 of 2nd period - Bo Horvat is hit by Cody Goloubef and loses puck.
0:32 of 2nd period - Snap shot by Teuvo Teravainen.
0:32 of 2nd period - Stopped by Calvin Pickard with a rebound.
0:34 of 2nd period - Wrist shot by Chris Tierney.
0:34 of 2nd period - Deflect By Dennis Everberg.
0:34 of 2nd period - Stopped by Calvin Pickard with a rebound.
1:55 of 2nd period - Off-side.
1:56 of 2nd period - Nick Bonino wins face-off versus Chris Tierney in neutral zone.
2:10 of 2nd period - Snap shot by Eric Tangradi.
2:10 of 2nd period - Shot Misses the Net.
2:51 of 2nd period - Icing by Jake McCabe.
2:52 of 2nd period - Nick Bonino wins face-off versus James Sheppard in Monarchs zone.
3:25 of 2nd period - Wrist shot by Marko Dano.
3:25 of 2nd period - Stopped by Calvin Pickard with a rebound.
3:27 of 2nd period - Snap shot by Marko Dano.
3:27 of 2nd period - Stopped by Calvin Pickard without a rebound.
3:28 of 2nd period - Nick Bonino wins face-off versus Bo Horvat in Mulligans zone.
3:39 of 2nd period - Snap shot by Eric Tangradi.
3:39 of 2nd period - Shot Blocked by Darnell Nurse.
3:43 of 2nd period - Wrist shot by Eric Tangradi.
3:43 of 2nd period - Shot Misses the Net.
4:01 of 2nd period - Wrist shot by Joonas Donskoi.
4:01 of 2nd period - Shot Misses the Net.
4:03 of 2nd period - Wrist shot by Drayson Bowman.
4:03 of 2nd period - Stopped by Tyler Beskorowany with a rebound.
4:05 of 2nd period - Slapshot by Michael Sdao.
4:05 of 2nd period - Stopped by Tyler Beskorowany with a rebound.
4:19 of 2nd period - Snap shot by Dennis Everberg.
4:19 of 2nd period - Shot Blocked by Ben Hutton.
4:21 of 2nd period - Snap shot by Dennis Everberg.
4:21 of 2nd period - Stopped by Calvin Pickard without a rebound.
4:22 of 2nd period - Chris Tierney wins face-off versus Nick Bonino in Mulligans zone.
4:27 of 2nd period - Slapshot by Shayne Gostisbehere.
4:27 of 2nd period - Shot Misses the Net.
6:52 of 2nd period - Snap shot by Eric Tangradi.
6:52 of 2nd period - Shot Blocked by Shayne Gostisbehere.
6:58 of 2nd period - Wrist shot by Andre Burakovsky.
6:58 of 2nd period - Stopped by Calvin Pickard with a rebound.
7:00 of 2nd period - Slapshot by Anton Cederholm.
7:00 of 2nd period - Stopped by Calvin Pickard without a rebound.
7:01 of 2nd period - Anton Lander wins face-off versus Marko Dano in Mulligans zone.
9:21 of 2nd period - Snap shot by Drayson Bowman.
9:21 of 2nd period - Shot Misses the Net.
9:46 of 2nd period - Wrist shot by Darnell Nurse.
9:46 of 2nd period - Deflect By Kenndal McArdle.
9:46 of 2nd period - Stopped by Calvin Pickard with a rebound.
9:48 of 2nd period - Backhand shot by Darnell Nurse.
9:48 of 2nd period - Stopped by Calvin Pickard with a rebound.
9:58 of 2nd period - Slapshot by Adam Tambellini.
9:58 of 2nd period - Shot Blocked by Darren Dietz.
10:04 of 2nd period - Snap shot by Adam Tambellini.
10:04 of 2nd period - Deflect By Kenndal McArdle.
10:04 of 2nd period - Stopped by Calvin Pickard without a rebound.
10:05 of 2nd period - Nick Bonino wins face-off versus Andre Burakovsky in Mulligans zone.
10:10 of 2nd period - Wrist shot by Eric Tangradi.
10:10 of 2nd period - Stopped by Tyler Beskorowany with a rebound.
10:12 of 2nd period - Slapshot by Eric Tangradi.
10:12 of 2nd period - Stopped by Tyler Beskorowany without a rebound.
10:13 of 2nd period - Nick Bonino wins face-off versus Bo Horvat in Monarchs zone.
10:16 of 2nd period - Snap shot by Eric Tangradi.
10:16 of 2nd period - Stopped by Tyler Beskorowany with a rebound.
10:18 of 2nd period - Slapshot by Michael Sdao.
10:18 of 2nd period - Stopped by Tyler Beskorowany without a rebound.
10:19 of 2nd period - Viktor Arvidsson wins face-off versus Nick Bonino in Monarchs zone.
10:58 of 2nd period - Matt Donovan is hit by Jake McCabe and loses puck.
11:26 of 2nd period - Cody Goloubef is hit by Jake McCabe and loses puck.
12:28 of 2nd period - Snap shot by Viktor Arvidsson.
12:28 of 2nd period - Deflect By James Sheppard.
12:28 of 2nd period - Shot Blocked by Cody Goloubef.
12:28 of 2nd period - Puck is out of play.
12:29 of 2nd period - Bo Horvat wins face-off versus Nick Bonino in Mulligans zone.
12:30 of 2nd period - Slapshot by Shayne Gostisbehere.
12:30 of 2nd period - Goal by Shayne Gostisbehere - Monarchs : 1 - Mulligans : 5.
12:31 of 2nd period - Nick Bonino wins face-off versus Bo Horvat in neutral zone.
12:40 of 2nd period - Snap shot by Eric Tangradi.
12:40 of 2nd period - Deflect By Nick Bonino.
12:40 of 2nd period - Stopped by Tyler Beskorowany with a rebound.
12:46 of 2nd period - Slapshot by Shayne Gostisbehere.
12:46 of 2nd period - Stopped by Calvin Pickard without a rebound.
12:47 of 2nd period - Chris Tierney wins face-off versus Anton Lander in Mulligans zone.
12:57 of 2nd period - Icing by Logan Shaw.
12:58 of 2nd period - Bo Horvat wins face-off versus Anton Lander in Mulligans zone.
12:59 of 2nd period - Wrist shot by Connor Brown.
12:59 of 2nd period - Shot Blocked by Michael Sdao.
13:17 of 2nd period - Snap shot by Anton Lander.
13:17 of 2nd period - Stopped by Tyler Beskorowany with a rebound.
13:19 of 2nd period - Snap shot by Matt Beleskey.
13:19 of 2nd period - Shot Blocked by Anton Cederholm.
13:25 of 2nd period - Snap shot by Anton Lander.
13:25 of 2nd period - Shot Blocked by Andre Burakovsky.
13:37 of 2nd period - Wrist shot by Logan Shaw.
13:37 of 2nd period - Shot Misses the Net.
13:39 of 2nd period - Snap shot by Logan Shaw.
13:39 of 2nd period - Shot Blocked by Shayne Gostisbehere.
13:41 of 2nd period - Snap shot by Anton Lander.
13:41 of 2nd period - Stopped by Tyler Beskorowany with a rebound.
13:43 of 2nd period - Slapshot by Michael Sdao.
13:43 of 2nd period - Deflect By Logan Shaw.
13:43 of 2nd period - Shot Blocked by Anton Cederholm.
13:43 of 2nd period - Puck is out of play.
13:44 of 2nd period - Nick Bonino wins face-off versus Chris Tierney in Monarchs zone.
13:47 of 2nd period - Snap shot by Nick Bonino.
13:47 of 2nd period - Shot Misses the Net.
13:49 of 2nd period - Slapshot by Matt Donovan.
13:49 of 2nd period - Goal by Matt Donovan - Monarchs : 1 - Mulligans : 6.
13:50 of 2nd period - Nick Bonino wins face-off versus Bo Horvat in neutral zone.
14:40 of 2nd period - Snap shot by Maxime Macenauer.
14:40 of 2nd period - Shot Misses the Net.
14:48 of 2nd period - Slapshot by Maxime Macenauer.
14:48 of 2nd period - Deflect By Joonas Donskoi.
14:48 of 2nd period - Goal by Joonas Donskoi - Monarchs : 1 - Mulligans : 7.
14:49 of 2nd period - Nick Bonino wins face-off versus Bo Horvat in neutral zone.
14:54 of 2nd period - Slapshot by Eric Tangradi.
14:54 of 2nd period - Shot Blocked by Morgan Rielly.
15:10 of 2nd period - Minor Penalty to Andre Burakovsky for High sticking.
15:11 of 2nd period - Valeri Nichushkin wins face-off versus Kenndal McArdle in Monarchs zone.
16:16 of 2nd period - Wrist shot by Marko Dano.
16:16 of 2nd period - Shot Misses the Net.
16:18 of 2nd period - Backhand shot by Anton Cederholm.
16:18 of 2nd period - Deflect By Marko Dano.
16:18 of 2nd period - Shot Misses the Net.
16:18 of 2nd period - Puck is out of play.
16:19 of 2nd period - Marko Dano wins face-off versus Nick Bonino in Mulligans zone.
16:22 of 2nd period - Wrist shot by Teuvo Teravainen.
16:22 of 2nd period - Goal by Teuvo Teravainen - Monarchs : 2 - Mulligans : 7.
16:23 of 2nd period - Kenndal McArdle wins face-off versus Nick Bonino in neutral zone.
16:34 of 2nd period - Snap shot by Nick Bonino.
16:34 of 2nd period - Stopped by Tyler Beskorowany without a rebound.
16:35 of 2nd period - Kenndal McArdle wins face-off versus Nick Bonino in Monarchs zone.
16:50 of 2nd period - Slapshot by Matt Donovan.
16:50 of 2nd period - Shot Misses the Net.
17:10 of 2nd period - Penalty to Andre Burakovsky is over, Andre Burakovsky is back on ice.
17:22 of 2nd period - Joonas Donskoi is hit by Connor Brown and loses puck.
17:31 of 2nd period - Snap shot by Shayne Gostisbehere.
17:31 of 2nd period - Shot Blocked by Ben Hutton.
18:03 of 2nd period - Anthony Peluso is hit by Logan Shaw and loses puck.
18:26 of 2nd period - Minor Penalty to Nick Bonino for Hooking.
18:27 of 2nd period - Sven Baertschi wins face-off versus Marko Dano in Mulligans zone.
18:43 of 2nd period - Matt Donovan is hit by Viktor Arvidsson and loses puck.
18:54 of 2nd period - Andre Burakovsky is hit by Eric Tangradi and loses puck.
Goals for this period are 2 for Monarchs vs 2 for Mulligans.
Shots for this period are 13 for Monarchs vs 12 for Mulligans.
3rd period
0:01 of 3rd period - Sven Baertschi wins face-off versus Viktor Arvidsson in neutral zone.
0:14 of 3rd period - Snap shot by Viktor Arvidsson.
0:14 of 3rd period - Goal by Viktor Arvidsson - Monarchs : 3 - Mulligans : 7.
0:15 of 3rd period - Bo Horvat wins face-off versus Nick Bonino in neutral zone.
0:18 of 3rd period - Eric Tangradi is hit by Andre Burakovsky and loses puck.
1:04 of 3rd period - Darnell Nurse is hit by Michael Sdao and loses puck.
1:44 of 3rd period - Slapshot by Shayne Gostisbehere.
1:44 of 3rd period - Shot Blocked by Cade Fairchild.
1:51 of 3rd period - Icing by Andre Burakovsky.
1:52 of 3rd period - Bo Horvat wins face-off versus Nick Bonino in Monarchs zone.
2:10 of 3rd period - Minor Penalty to Andre Burakovsky for Roughing.
2:11 of 3rd period - Nick Bonino wins face-off versus Kenndal McArdle in Monarchs zone.
2:11 of 3rd period - Wrist shot by Eric Tangradi.
2:11 of 3rd period - Shot Misses the Net.
2:13 of 3rd period - Snap shot by Nick Bonino.
2:13 of 3rd period - Stopped by Tyler Beskorowany with a rebound.
2:15 of 3rd period - Backhand shot by Cody Goloubef.
2:15 of 3rd period - Shot Blocked by Chris Tierney.
2:17 of 3rd period - Slapshot by Cody Goloubef.
2:17 of 3rd period - Deflect By Nick Bonino.
2:17 of 3rd period - Goal by Nick Bonino - Monarchs : 3 - Mulligans : 8.
2:17 of 3rd period - Matt Murray enters game.
2:18 of 3rd period - Nick Bonino wins face-off versus Marko Dano in neutral zone.
2:43 of 3rd period - Matt Donovan is hit by Dennis Everberg and loses puck.
2:50 of 3rd period - Backhand shot by Dennis Everberg.
2:50 of 3rd period - Stopped by Calvin Pickard with a rebound.
3:07 of 3rd period - Minor Penalty to Jake McCabe for Hooking.
3:08 of 3rd period - Nick Bonino wins face-off versus Kenndal McArdle in Monarchs zone.
3:08 of 3rd period - Snap shot by Eric Tangradi.
3:08 of 3rd period - Stopped by Matt Murray with a rebound.
5:07 of 3rd period - Penalty to Jake McCabe is over, Jake McCabe is back on ice.
5:29 of 3rd period - Snap shot by Marko Dano.
5:29 of 3rd period - Stopped by Calvin Pickard with a rebound.
5:31 of 3rd period - Slapshot by Darnell Nurse.
5:31 of 3rd period - Shot Misses the Net.
5:33 of 3rd period - Slapshot by Marko Dano.
5:33 of 3rd period - Shot Blocked by Drayson Bowman.
5:35 of 3rd period - Snap shot by Marko Dano.
5:35 of 3rd period - Stopped by Calvin Pickard without a rebound.
5:36 of 3rd period - Sven Baertschi wins face-off versus Bo Horvat in Mulligans zone.
5:41 of 3rd period - Slapshot by Sven Baertschi.
5:41 of 3rd period - Shot Misses the Net.
5:43 of 3rd period - Snap shot by Jonathan Tremblay.
5:43 of 3rd period - Shot Misses the Net.
5:45 of 3rd period - Wrist shot by Sven Baertschi.
5:45 of 3rd period - Stopped by Matt Murray without a rebound.
5:46 of 3rd period - Christoph Bertschy wins face-off versus Bo Horvat in Monarchs zone.
5:55 of 3rd period - Wrist shot by Sven Baertschi.
5:55 of 3rd period - Shot Blocked by Shayne Gostisbehere.
6:01 of 3rd period - Wrist shot by Christoph Bertschy.
6:01 of 3rd period - Stopped by Matt Murray with a rebound.
6:15 of 3rd period - Snap shot by Christoph Bertschy.
6:15 of 3rd period - Shot Misses the Net.
6:19 of 3rd period - Wrist shot by Christoph Bertschy.
6:19 of 3rd period - Stopped by Matt Murray with a rebound.
6:21 of 3rd period - Snap shot by Sven Baertschi.
6:21 of 3rd period - Stopped by Matt Murray with a rebound.
6:23 of 3rd period - Wrist shot by Jonathan Tremblay.
6:23 of 3rd period - Shot Blocked by Anton Cederholm.
6:25 of 3rd period - Snap shot by Jonathan Tremblay.
6:25 of 3rd period - Stopped by Matt Murray with a rebound.
6:27 of 3rd period - Snap shot by Christoph Bertschy.
6:27 of 3rd period - Shot Misses the Net.
6:29 of 3rd period - Snap shot by Jonathan Tremblay.
6:29 of 3rd period - Shot Misses the Net.
7:06 of 3rd period - Backhand shot by Sven Baertschi.
7:06 of 3rd period - Shot Misses the Net.
7:18 of 3rd period - Wrist shot by Jonathan Tremblay.
7:18 of 3rd period - Stopped by Matt Murray with a rebound.
7:36 of 3rd period - Slapshot by Darren Dietz.
7:36 of 3rd period - Shot Blocked by Anton Cederholm.
7:38 of 3rd period - Snap shot by Cade Fairchild.
7:38 of 3rd period - Shot Blocked by Connor Brown.
7:40 of 3rd period - Snap shot by Christoph Bertschy.
7:40 of 3rd period - Goal by Christoph Bertschy - Monarchs : 3 - Mulligans : 9.
7:41 of 3rd period - Chris Tierney wins face-off versus Nick Bonino in neutral zone.
8:16 of 3rd period - Slapshot by Matt Donovan.
8:16 of 3rd period - Stopped by Matt Murray with a rebound.
8:30 of 3rd period - Snap shot by Drayson Bowman.
8:30 of 3rd period - Deflect By Joonas Donskoi.
8:30 of 3rd period - Shot Blocked by Adam Tambellini.
8:30 of 3rd period - Puck is out of play.
8:31 of 3rd period - Maxime Macenauer wins face-off versus Adam Tambellini in Monarchs zone.
8:57 of 3rd period - Icing by Michael Sdao.
8:58 of 3rd period - Joonas Donskoi wins face-off versus Marko Dano in Mulligans zone.
9:11 of 3rd period - Snap shot by Drayson Bowman.
9:11 of 3rd period - Stopped by Matt Murray with a rebound.
11:01 of 3rd period - Wrist shot by Adam Tambellini.
11:01 of 3rd period - Stopped by Calvin Pickard without a rebound.
11:02 of 3rd period - Logan Shaw wins face-off versus Marko Dano in Mulligans zone.
11:09 of 3rd period - Wrist shot by Viktor Arvidsson.
11:09 of 3rd period - Deflect By Matt Beleskey.
11:09 of 3rd period - Goal by Viktor Arvidsson - Monarchs : 4 - Mulligans : 9.
11:10 of 3rd period - Nick Bonino wins face-off versus Marko Dano in neutral zone.
11:15 of 3rd period - Slapshot by Matt Donovan.
11:15 of 3rd period - Stopped by Matt Murray with a rebound.
11:25 of 3rd period - Snap shot by Viktor Arvidsson.
11:25 of 3rd period - Shot Blocked by Cody Goloubef.
11:31 of 3rd period - Viktor Arvidsson is hit by Cody Goloubef and loses puck.
11:42 of 3rd period - Wrist shot by Jake McCabe.
11:42 of 3rd period - Stopped by Calvin Pickard without a rebound.
11:43 of 3rd period - Anton Lander wins face-off versus Chris Tierney in Mulligans zone.
11:58 of 3rd period - Slapshot by Teuvo Teravainen.
11:58 of 3rd period - Shot Blocked by Michael Sdao.
13:02 of 3rd period - Snap shot by Connor Brown.
13:02 of 3rd period - Shot Misses the Net.
13:04 of 3rd period - Slapshot by Anton Cederholm.
13:04 of 3rd period - Stopped by Calvin Pickard without a rebound.
13:05 of 3rd period - Nick Bonino wins face-off versus Chris Tierney in Mulligans zone.
13:15 of 3rd period - Jake McCabe is hit by Cody Goloubef and loses puck.
13:31 of 3rd period - Marko Dano is hit by Joonas Donskoi and loses puck.
13:52 of 3rd period - Slapshot by Kenndal McArdle.
13:52 of 3rd period - Shot Misses the Net.
13:54 of 3rd period - Slapshot by Josh Morrissey.
13:54 of 3rd period - Deflect By Kenndal McArdle.
13:54 of 3rd period - Shot Blocked by Matt Donovan.
13:54 of 3rd period - Puck is out of play.
13:55 of 3rd period - Nick Bonino wins face-off versus Adam Tambellini in Mulligans zone.
14:22 of 3rd period - Wrist shot by Sven Baertschi.
14:22 of 3rd period - Deflect By Christoph Bertschy.
14:22 of 3rd period - Shot Misses the Net.
14:22 of 3rd period - Puck is out of play.
14:23 of 3rd period - Chris Tierney wins face-off versus Christoph Bertschy in Monarchs zone.
14:36 of 3rd period - Wrist shot by Sven Baertschi.
14:36 of 3rd period - Stopped by Matt Murray without a rebound.
14:37 of 3rd period - Marko Dano wins face-off versus Nick Bonino in Monarchs zone.
15:06 of 3rd period - Minor Penalty to Marko Dano for Holding.
15:07 of 3rd period - Kenndal McArdle wins face-off versus Nick Bonino in Monarchs zone.
15:28 of 3rd period - Chris Tierney is hit by Nick Bonino and loses puck.
16:21 of 3rd period - Logan Shaw is hit by Teuvo Teravainen and loses puck.
16:32 of 3rd period - Slapshot by Shayne Gostisbehere.
16:32 of 3rd period - Deflect By Teuvo Teravainen.
16:32 of 3rd period - Stopped by Calvin Pickard with a rebound.
16:34 of 3rd period - Slapshot by Shayne Gostisbehere.
16:34 of 3rd period - Shot Misses the Net.
17:06 of 3rd period - Penalty to Marko Dano is over, Marko Dano is back on ice.
17:23 of 3rd period - Joonas Donskoi is hit by Darnell Nurse and loses puck.
18:04 of 3rd period - Cade Fairchild is hit by Teuvo Teravainen and loses puck.
18:13 of 3rd period - Chris Tierney is hit by Cade Fairchild.
18:53 of 3rd period - Josh Morrissey is hit by Logan Shaw and loses puck.
Goals for this period are 2 for Monarchs vs 2 for Mulligans.
Shots for this period are 9 for Monarchs vs 14 for Mulligans.
Back to the Top